 Dungeon Crawl Stone Soup version 0.30-a0-726-gd89dcf765f (webtiles) character file.

Game seed: 4061655510830434097

74 Sabo the Conjurer (level 4, -4/27 HPs)
             Began as an Octopode Conjurer on Jan 29, 2023.
             Was a Follower of Sif Muna.
             Slain by Terence
             ... wielding a +0 falchion
              (9 damage)
             ... on level 2 of the Dungeon.
             The game lasted 00:13:25 (2405 turns).

Sabo the Conjurer (Octopode Conjurer)               Turns: 2405, Time: 00:13:25

Health: -4/27      AC:  1    Str:  6    XL:     4   Next: 30%
Magic:  2/7        EV: 12    Int: 22    God:    Sif Muna [*.....]
Gold:   87         SH:  3    Dex: 10    Spells: 4/7 levels left

rFire   . . .      SeeInvis .    c - staff of conjuration
rCold   . . .      Faith    .    h - +0 buckler
rNeg    . . .      Spirit   .    (helmet restricted)
rPois   .          Reflect  .    (no amulet)
rElec   .          Harm     .    (no ring)
rCorr   .          Rampage  .    (no ring)
Will    .....                    (no ring)
Stlth   +++                      (no ring)
HPRegen 0.24/turn                (no ring)
MPRegen 0.10/turn                (no ring)
                                 (no ring)
                                 (no ring)

@: no status effects
A: almost no armour, amphibious, 8 rings, camouflage 1, gelatinous body 1,
(nimble swimmer 1), tentacles
a: Renounce Religion, Channel Magic


You were on level 2 of the Dungeon.
You worshipped Sif Muna.
Sif Muna was aware of your devotion.
You visited 1 branch of the dungeon, and saw 2 of its levels.

You collected 87 gold pieces.

Inventory:

Hand Weapons
 d - a +0 sling
 i - a +0 hand axe
Missiles
 f - 7 poisoned darts (quivered)
Armour
 h - a +0 buckler (worn)
Magical Staves
 c - a staff of conjuration (weapon)
Scrolls
 g - 2 scrolls of identify {unknown}
 j - a scroll of enchant weapon {unknown}
 k - a scroll of magic mapping {unknown}
Potions
 a - a potion of magic
 b - a potion of lignification {unknown}
 e - a potion of brilliance {unknown}
 l - a potion of degeneration {unknown}


   Skills:
 + Level 2.2 Dodging
 + Level 3.4 Stealth
 + Level 2.3 Spellcasting
 + Level 4.8 Conjurations
 * Level 0.9 Invocations
 * Level 0.7 Evocations


You had 4 spell levels left.
You knew the following spells:

 Your Spells              Type           Power      Damage    Failure   Level
a - Magic Dart            Conj           100%       1d8       2%          1
b - Searing Ray           Conj           72%        2d7       3%          2

Your spell library contained the following spells:

 Spells                   Type           Power      Damage    Failure   Level
 Dazzling Flash           Conj/Hex       38%        N/A       21%         3
 Sublimation of Blood     Necr           2%         N/A       28%         2
 Wereblood                Tmut           2%         N/A       28%         2
 Fulminant Prism          Conj/Hex       9%         3d7       54%         4
 Iskenderun's Mystic Bla  Conj/Tloc      19%        2d6       54%         4
 Summon Hydra             Summ           1%         N/A       100%        7


Dungeon Overview and Level Annotations

Branches:
Dungeon (2/15)

Altars:
Sif Muna

Annotations:
D:2 Terence


Innate Abilities, Weirdness & Mutations

You cannot wear most types of armour.
You are amphibious.
You can wear up to eight rings at the same time.
Your skin changes colour to match your surroundings (Stealth+).
Your rubbery body absorbs attacks. (AC +1, EV +1)
((You are camouflaged when in or above water. (Stealth+)))
You have tentacles for arms and can constrict up to eight enemies at once.


Message History

You feel a surge of power!
The searing ray hits Terence.
Terence is moderately wounded. (Press . to maintain the ray.) Terence barely misses you.
Hit: c) staff of conjuration
Press: ? - help, Dir - move target, f/p - Terence
Aim: Terence, wielding a +0 falchion and wearing a +2 chain mail of cold resistance (moderately wounded, about 33% to evade your staff of conjuration)
You hit Terence but do no damage. You grab Terence.
Terence is moderately wounded.
You constrict Terence, but do no damage.
Terence completely misses you.
Hit: c) staff of conjuration
Press: ? - help, Dir - move target, f/p - Terence
Aim: Terence, wielding a +0 falchion and wearing a +2 chain mail of cold resistance (moderately wounded, constricted by you, about 7% to evade your staff of conjuration)
You hit Terence but do no damage. You squeeze Terence, but do no damage.
Terence is moderately wounded.
You constrict Terence, but do no damage.
Terence hits you with a +0 falchion. Terence closely misses you.
Hit: c) staff of conjuration
Press: ? - help, Dir - move target, f/p - Terence
Aim: Terence, wielding a +0 falchion and wearing a +2 chain mail of cold resistance (moderately wounded, constricted by you, about 7% to evade your staff of conjuration)
You hit Terence but do no damage. You squeeze Terence, but do no damage.
Terence is moderately wounded.
You constrict Terence. Terence hits you with a +0 falchion.
Hit: c) staff of conjuration
Press: ? - help, Dir - move target, f/p - Terence
Aim: Terence, wielding a +0 falchion and wearing a +2 chain mail of cold resistance (moderately wounded, constricted by you, about 7% to evade your staff of conjuration)
You hit Terence but do no damage. You squeeze Terence, but do no damage.
Terence is moderately wounded.
You constrict Terence, but do no damage.
Terence hits you with a +0 falchion.
* * * LOW HITPOINT WARNING * * *
Hit: c) staff of conjuration
Press: ? - help, Dir - move target, f/p - Terence
Aim: Terence, wielding a +0 falchion and wearing a +2 chain mail of cold resistance (moderately wounded, constricted by you, about 7% to evade your staff of conjuration)
You hit Terence.
Terence is moderately wounded.
You constrict Terence, but do no damage.
Terence hits you with a +0 falchion!
You die...

#....# .. ####.. .
##. .## #. ... #. #
#.# #. #.#.# #.
#.#.####### #######.
#..@@[..... ........
###.###############.
#........#### #...
###....<....# #.##
#.####.##.# #.# #.#
#.##.# #.# #.#
#.##.###.# #.#
#.#...##†# #.#
#........#


You could see Terence.

Vanquished Creatures
  2 adders (D:2)
  3 worms (D:2)
  2 dart slugs (D:2)
  3 ball pythons
  5 endoplasms
  2 giant cockroaches
  5 goblins
  6 hobgoblins
  3 kobolds
  2 quokkas (D:1)
  3 bats (D:1)
  A frilled lizard (D:2)
  4 rats
41 creatures vanquished.

Notes
Turn   | Place    | Note
-------+----------+-------------------------------------------
     0 | D:1      | Sabo the Octopode Conjurer began the quest for the Orb.
     0 | D:1      | Reached XP level 1. HP: 11/11 MP: 3/3
   359 | D:1      | Reached XP level 2. HP: 17/17 MP: 1/5
  1017 | D:1      | Found a faded altar of an unknown god.
  1023 | D:1      | Prayed at the altar of an unknown god.
  1023 | D:1      | Became a worshipper of Sif Muna the Loreminder
  1023 | D:1      | Reached * piety under Sif Muna
  1145 | D:1      | Reached XP level 3. HP: 21/21 MP: 2/6
  1611 | D:2      | Learned a level 2 spell: Searing Ray
  1722 | D:2      | Reached XP level 4. HP: 27/27 MP: 5/7
  2396 | D:2      | Noticed Terence
  2405 | D:2      | Slain by Terence

Illustrated notes

Levels and vault maps discovered:
D:1:      evilmike_arrival_fibonacci_small, layout_loops_cross,
          dreamdust_ecumenical_altar_angels_and_demons
D:2:      layout_loops_ring, serial_bayou_pond_b,
          hangedman_decor_clover_reticule, uniq_terence

Skill      XL: |  1  2  3 |
---------------+----------+-----
Stealth        | 3 |  3.4
Dodging        | |  2.2
Spellcasting   | |  2.3
Conjurations   | |  4.8
Invocations    | |  0.9
Evocations     | |  0.7

Action                     |  1- 3 |  4- 6 || total
---------------------------+-------+-------++-------
  Melee: Staff             |    20 |    10 ||    30
         Constrict         |     6 |     3 ||     9
         Tentacles         |     6 |     4 ||    10
   Cast: Magic Dart        |    45 |    16 ||    61
         Searing Ray       |     1 |     6 ||     7
   Stab: Sleeping          |     1 |       ||     1
 Armour: Skin              |       |     1 ||     1
  Dodge: Dodged            |    15 |     4 ||    19
  Block: Buckler           |     1 |       ||     1

Table legend: (Time is in decaauts)
 A = Elapsed time spent in this place.
 B = Non-inter-level travel time spent in this place.
 C = Inter-level travel time spent in this place.
 D = Time resting spent in this place.
 E = Time spent auto-exploring this place.
 F = Levels seen in this place.
 G = Mean time per level.
                   A        B        C        D        E       F      G
               +--------+--------+--------+--------+--------+-----+--------+
         Total |   2410 |   2410 |      0 |   1211 |      0 |   2 | 1205.0 |
       Dungeon |   2410 |   2410 |      0 |   1211 |      0 |   2 | 1205.0 |
               +--------+--------+--------+--------+--------+-----+--------+

Top non-repeatable levels by time:
     D:1: 1351 daAuts
     D:2: 1059 daAuts
